 Dungeon Crawl Stone Soup version 0.28-a0-429-g1448048969 (webtiles) character file.

Game seed: 16915978914963217164

2 MacCMillion the Gusty (level 1, 13/14 HPs)
             Began as a Demigod Air Elementalist on Sept 10, 2021.
             Quit the game on level 1 of the Dungeon.
             The game lasted 00:01:06 (238 turns).

MacCMillion the Gusty (Demigod Air Elementalist)     Turns: 238, Time: 00:01:06

Health: 13/14      AC:  2    Str:  9    XL:     1   Next: 20%
Magic:  0/5        EV:  9    Int: 17    God:
Gold:   0          SH:  0    Dex: 14    Spells: 2/3 levels left

rFire   . . .      SeeInvis .   (no weapon)
rCold   . . .      Faith    .   (no shield)
rNeg    . . .      Spirit   .   a - +0 robe
rPois   .          Reflect  .   (no helmet)
rElec   .          Harm     .   (no cloak)
rCorr   .          Rampage  .   (no gloves)
Will    .....                   (no boots)
Stlth   ++........              (no amulet)
HPRegen 0.04/turn               (no ring)
MPRegen 0.09/turn               (no ring)

@: constricted
A: high mp 1, forlorn
a: no special abilities


You were on level 1 of the Dungeon.
You visited 1 branch of the dungeon, and saw 1 of its levels.

Inventory:

Armour
 a - a +0 robe (worn)


   Skills:
 + Level 1.7 Dodging
 + Level 1.7 Stealth
 + Level 1.7 Spellcasting
 + Level 0.8 Conjurations
 + Level 2.8 Air Magic


You had 2 spell levels left.
You knew the following spells:

 Your Spells              Type           Power      Damage    Failure   Level
a - Shock                 Conj/Air       28%        1d4       10%         1

Your spell library contained the following spells:

 Spells                   Type           Power      Damage    Failure   Level
 Static Discharge         Conj/Air       7%         N/A       14%         2
 Swiftness                Air            11%        N/A       19%         3
 Airstrike                Air            5%         N/A       52%         4


Dungeon Overview and Level Annotations

Branches:
Dungeon (1/15)


Innate Abilities, Weirdness & Mutations

Your attributes grow dramatically as you level up.
You have an increased reservoir of magic. (+10% MP)
You shall have no god before yourself.


Message History

The zap hits the goblin.
The goblin is severely wounded.
A ball python comes into view.
The zap misses the ball python.
The ball python hisses angrily.
The zap misses the ball python.
You are too depleted to draw on your mana recklessly!
You are too depleted to draw on your mana recklessly!
You are too depleted to draw on your mana recklessly!
The ball python closely misses you. The ball python grabs you.
The ball python constricts you.
You escape the ball python's grasp.
The zap misses the ball python.
The ball python closely misses you. The ball python barely misses you.
You are too depleted to draw on your mana recklessly!
You are too depleted to draw on your mana recklessly!
You are too depleted to draw on your mana recklessly!
The ball python completely misses you. The ball python closely misses you.
The ball python bites you but does no damage.
The ball python misses you. The ball python barely misses you. x2
The ball python bites you but does no damage.
The ball python closely misses you. The ball python misses you. x2
Aiming: Shock (safe; 10% risk of failure)
Press: ? - help, Q - select action Shift-Dir - straight line, f/p - ball python
Aim: a ball python (64% to hit)
The zap hits the ball python.
The ball python is moderately wounded.
The zap hits the ball python.
You kill the ball python!
The ball python bites you but does no damage.
The ball python barely misses you.
Aiming: Shock (safe; 10% risk of failure)
Press: ? - help, Q - select action Shift-Dir - straight line, f/p - ball python
Aim: a ball python (64% to hit)
The zap misses the ball python.
The ball python bites you. The ball python grabs you.
The ball python constricts you.
Are you sure you want to abandon this character and quit the game? (Confirm with "yes".)

#..........#
#..........#
########.S.#..####
.........####....#
##.##.#### ###..#
#...#.## ##.#.#
...#.##.# #.##†#
## #. #S## ##.##S#
#. #..###..##@# #.
##..#..###.# ..
#..#..# #.# ..
##g..## #.# #.<.#
#.# ##...# #.#
#..#..# #.+
##S.#..# #.#
#.(###..#


You could see a ball python.

Vanquished Creatures
  An endoplasm (D:1)
  A ball python (D:1)
2 creatures vanquished.

Notes
Turn   | Place    | Note
-------+----------+-------------------------------------------
     0 | D:1      | MacCMillion the Demigod Air Elementalist began the quest
                  | for the Orb.
     0 | D:1      | Reached XP level 1. HP: 14/14 MP: 5/5
   238 | D:1      | Quit the game

Illustrated notes

Levels and vault maps discovered:
D:1:      dpeg_arrival_simpleton_a, layout_basic, st_stairs_5,
          nrook_loot_triangle, hangedman_decor_opposing

Action                   || total
-------------------------++-------
 Cast: Shock             ||    11
Armor: Robe              ||     3
Dodge: Dodged            ||    13

Table legend: (Time is in decaauts)
 A = Elapsed time spent in this place.
 B = Non-inter-level travel time spent in this place.
 C = Inter-level travel time spent in this place.
 D = Time resting spent in this place.
 E = Time spent auto-exploring this place.
 F = Levels seen in this place.
 G = Mean time per level.
                   A        B        C        D        E       F      G
               +--------+--------+--------+--------+--------+-----+--------+
         Total |    238 |    238 |      0 |      0 |    194 |   1 |  238.0 |
       Dungeon |    238 |    238 |      0 |      0 |    194 |   1 |  238.0 |
               +--------+--------+--------+--------+--------+-----+--------+

Top non-repeatable levels by time:
     D:1: 238 daAuts
